AoeStats
← blb_00

Arena

509716391Analyzed
1v1 RM · 3d ago on Sep 27, 2026· 63m 7s· 2 players
Game mode
Random Map
Map size
Tiny (2 player)
Population
200
Speed
Normal
Resources
Standard
Victory
Conquest
Starting age
Dark Age
Ending age
Imperial Age
RankedLock teamsTeams togetherTeam positionsShared explorationLock speedFull tech treeHidden civsTurbo modeCheats
Victory
Defeat
🇪🇸 Spanish · Spain
730
+17
🇦🇷 Poles · Argentina
749
-17
blb_00
0:57 Loom
11:04 Feudal Age
12:30 Wheelbarrow
12:00 Double-Bit Axe
12:26 Horse Collar
17:13 Town Watch
17:42 Stone Mining
21:02 Castle Age
20:57 Gold Mining
34:41 Bow Saw
41:33 Imperial Age
42:03 Heavy Plow
42:53 Hand Cart
43:12 Scale Barding Armor
43:18 Forging
42:58 Fletching
43:09 Padded Archer Armor
45:10 Chemistry
44:31 Ballistics
44:34 Chain Barding Armor
44:32 Pikeman
45:14 Squires
45:30 Halberdier
48:28 Two-Man Saw
48:19 Light Cavalry
50:54 Iron Casting
50:54 Plate Barding Armor
53:13 Elite Conquistador
53:26 Elite Skirmisher
56:55 Scale Mail Armor
57:52 Stone Shaft Mining
57:44 Hussar
58:36 Bloodlines
wallaceAoE
2:43 Loom
13:29 Feudal Age
18:37 Castle Age
18:21 Double-Bit Axe
18:22 Horse Collar
21:21 Heavy Plow
21:38 Bow Saw
34:04 Wheelbarrow
33:15 Town Watch
36:12 Fletching
36:33 Forging
39:01 Imperial Age
38:41 Iron Casting
38:11 Scale Barding Armor
45:20 Bloodlines
45:10 Husbandry
44:31 Light Cavalry
45:14 Gold Mining
45:14 Stone Mining
46:55 Chemistry
46:16 Ballistics
46:56 Conscription
48:51 Blast Furnace
48:11 Chain Barding Armor
47:47 Bodkin Arrow
47:53 Padded Archer Armor
50:13 Winged Hussar
56:46 Hand Cart
57:41 Crop Rotation
60:15 Elite Skirmisher
61:01 Thumb Ring
Connection lost

Rejoining the realm…

Still unreachable

The connection could not be restored.

Session expired

The server has moved on; the page needs a fresh start.